 Dungeon Crawl Stone Soup version 0.31-a0-188-g5e087ee2ca (webtiles) character file.

Game seed: 12838100637888065799

2128 qw the Skirmisher (level 9, -7/50 HPs)
             Began as a Deep Elf Hunter on June 23, 2023.
             Was an Initiate of Okawaru.
             Mangled by a two-headed ogre
             ... wielding a +0 giant spiked club
              (16 damage)
             ... on level 7 of the Dungeon.
             The game lasted 00:02:03 (4360 turns).

qw the Skirmisher (Deep Elf Hunter)                 Turns: 4360, Time: 00:02:03

Health: -7/50      AC: 11    Str: 12    XL:     9   Next: 8%
Magic:  9/11       EV: 21    Int: 15    God:    Okawaru [......]
Gold:   205        SH:  0    Dex: 18    Spells: 8/8 levels left

rFire   . . .        m - +9 arbalest of Objectivity {penet, rC+ SInv}
rCold   + . .        (shield currently unavailable)
rNeg    . . .        l - +0 ring mail
rPois   .            n - +0 helmet
rElec   .            b - scarf {repulsion}
rCorr   .            d - +2 pair of gloves
SInv    +            (no boots)
Will    .....        (no amulet)
Stlth   +++          f - +5 ring of evasion
HPRegen 0.28/turn    (no ring)
MPRegen 0.12/turn

%: repel missiles
@: heroic
A: no striking features
a: Renounce Religion


You were on level 7 of the Dungeon.
You worshipped Okawaru.
Okawaru was noncommittal.
You visited 2 branches of the dungeon, and saw 8 of its levels.

You collected 275 gold pieces.
You spent 70 gold pieces at shops.


   Skills:
 - Level 3.0(8.0) Fighting
 + Level 14.3(19.3) Ranged Weapons
 - Level 1.9(6.9) Armour
 - Level 5.3(10.3) Dodging
 - Level 1.2(6.2) Stealth


You had 8 spell levels left.
You didn't know any spells.
Your spell library was empty.

Inventory:

Hand Weapons
 m - the +9 arbalest of Objectivity (weapon) {penet, rC+ SInv}
   (You acquired it on level 3 of the Dungeon)

   rC:        It protects you from cold.
   SInv:      It lets you see invisible.
Armour
 b - a scarf of repulsion (worn)
 d - a +2 pair of gloves (worn)
 h - a +0 cloak
 l - a +0 ring mail (worn)
 n - a +0 helmet (worn)
 o - a +1 ring mail of cold resistance
Jewellery
 f - a +5 ring of evasion (left hand)
Scrolls
 c - 2 scrolls of identify
Potions
 a - 2 potions of mutation
 e - a potion of might
 g - 5 potions of enlightenment
 i - 3 potions of curing
 j - a potion of haste

Dungeon Overview and Level Annotations

Branches:
Dungeon (7/15)             Temple (1/1) D:7

Altars:
Ashenzari
Cheibriados
Dithmenos
Elyvilon
Fedhas
Gozag
Hepliaklqana
Kikubaaqudgha
Makhleb
Nemelex Xobeh
Okawaru
Qazlal
Ru
Sif Muna
Trog
Uskayaw
Vehumet
Wu Jian
Xom
Yredelemnul
Zin
The Shining One

Shops:
D:4 *

Portals:
Bailey: D:7

Annotations:
D:3 1 runed translucent door, qw's ghost, amateur DEHu


Message History

Enter note:
Enter note:
Enter note:
4240 ||| INVOKING Heroism.
You gain the combat prowess of a mighty hero.
You can no longer gain great but temporary skills.
You shoot a bolt. The bolt pierces through Menkaure!!
Menkaure is almost destroyed.
You shoot a bolt. The bolt pierces through Menkaure!!
You destroy Menkaure!
Okawaru accepts your kill.
You can now gain great but temporary skills.
You start resting.
You hear the quick creaking of a portcullis very nearby.
You feel like a meek peon again.
Magic restored.
You start resting.
You hear the loud creaking of a portcullis very nearby.
HP restored.
You hear the loud creaking of a portcullis very nearby.
There is an open door here.
You enter the shallow water.
Moving in this stuff is going to be slow.
Found a flagged portal.
You see here a +0 spear.
The two-headed ogre shouts in stereo!
The two-headed ogre completely misses you.
The two-headed ogre closely misses you.
4359 ||| INVOKING Heroism.
You gain the combat prowess of a mighty hero.
You can no longer gain great but temporary skills.
The two-headed ogre hits you with a +0 giant spiked club!
The two-headed ogre closely misses you.
You shoot a bolt.
The bolt pierces through the two-headed ogre!
The two-headed ogre is moderately wounded.
The two-headed ogre hits you with a +0 giant spiked club!!
Ouch! That really hurt!
The two-headed ogre hits you with a +0 giant club!
You die...

####........#.# #.......# ##
#...#.....#.# #.......# #.
#...#.#####.# #.......# #.
#...#.# #.###.......# ###+
#...#.....O.##........# #...
#...#########.........# #...
#...............####### #...
#.......~~)~~~~.# ###'
##'#....~##@##~.######## #.
#.#.(..~#O..#~..).....# #.
#.'....~#.\.#~......... #.
#########....~#...#~........#
##
........'....~#####).........
.########....~~~~~~~........#
###
.#<.....................)...#
#..
.###########.######.........#
#.} .# #.# #.........# #..


You could see a two-headed ogre.

Vanquished Creatures
  A steam dragon (D:7)
  Menkaure (D:7)
  An acid dragon (D:5)
  A water moccasin (D:7)
  An ice beast (D:7)
  A sky beast (D:7)
  2 ogres (D:5)
  A centaur (D:5)
  A phantom (D:5)
  A bullfrog (D:6)
  A kobold brigand (D:6)
  3 scorpions
  2 howler monkeys (D:7)
  A jelly (D:6)
  4 hounds
  An orc priest (D:4)
  2 gnoll boudas
  A sleepcap (D:6)
  Natasha (thrice) (D:3)
  2 iguanas
  4 orc wizards
  A hound skeleton (D:3)
  10 gnolls
  5 adders
  A shadow imp (D:6)
  A white imp (D:5)
  2 ufetubi
  An adder zombie (D:3)
  3 worms
  8 dart slugs
  17 orcs
  4 bats (D:1)
  7 endoplasms
  3 giant cockroaches
  11 goblins
  3 hobgoblins
  2 jackals (D:4)
  2 quokkas
  5 ball pythons
  A ball python skeleton (D:3)
  5 frilled lizards
  9 kobolds
  A quokka skeleton (D:3)
  4 rats
141 creatures vanquished.

Notes
Turn   | Place    | Note
-------+----------+-------------------------------------------
     0 | D:1      | qw the Deep Elf Hunter began the quest for the Orb.
     0 | D:1      | Reached XP level 1. HP: 12/12 MP: 3/3
     0 | D:1      | 0 ||| qw: Version: 0.3-a-9-g12657ce
     0 | D:1      | 0 ||| qw: Game counter: 3119
     0 | D:1      | 0 ||| qw: Always use a shield: true
     0 | D:1      | 0 ||| qw: God list: Okawaru
     0 | D:1      | 0 ||| qw: Allow faded altars: false
     0 | D:1      | 0 ||| qw: Do Orc after D:15 true
     0 | D:1      | 0 ||| qw: Do second Lair branch before Depths: true
     0 | D:1      | 0 ||| qw: Lair rune preference: random
     0 | D:1      | 0 ||| qw: Plans: Normal
     0 | D:1      | 0 ||| PLANNING D:1-11
    62 | D:1      | 62 ||| Stepping ~*~*~tactically~*~*~ (outnumbered).
    77 | D:1      | Reached skill level 6 in Ranged Weapons
    77 | D:1      | Reached XP level 2. HP: 16/16 MP: 4/4
    80 | D:1      | 80 ||| FLEEEEING.
    81 | D:1      | 81 ||| FLEEEEING.
    82 | D:1      | 82 ||| FLEEEEING.
   484 | D:1      | 484 ||| UPGRADING to +0 pair of gloves.
   489 | D:1      | 489 ||| UPGRADING to +0 cloak.
   494 | D:1      | 494 ||| UPGRADING to +0 ring mail.
   504 | D:1      | 504 ||| DROPPING +0 leather armour.
   505 | D:1      | 505 ||| READING 2 scrolls labelled XYZAOMOEGA.
   506 | D:1      | 506 ||| READING scroll of enchant armour.
   506 | D:1      | 506 ||| ENCHANTING +0 pair of gloves.
   507 | D:1      | 507 ||| READING scroll labelled WUHO ECSYC.
   508 | D:1      | 508 ||| READING scroll labelled TOAXZO IQIWE.
   540 | D:1      | 540 ||| DROPPING scroll of butterflies.
   562 | D:2      | Reached XP level 3. HP: 20/20 MP: 5/5
   584 | D:2      | HP: 5/20 [worm (6)]
   716 | D:2      | Reached skill level 7 in Ranged Weapons
   766 | D:2      | Found a hazy altar of Hepliaklqana.
   945 | D:2      | Reached XP level 4. HP: 25/25 MP: 6/6
  1028 | D:2      | Found a faded altar of an unknown god.
  1146 | D:2      | 1146 ||| READING scroll labelled MAVVUKHAME.
  1149 | D:2      | 1149 ||| READING scroll labelled ETACYPR RAMIUX.
  1150 | D:2      | 1150 ||| READING scroll labelled YSTEUBO GETETE.
  1151 | D:2      | 1151 ||| DRINKING 3 silvery potions.
  1152 | D:2      | 1152 ||| DRINKING 2 ruby potions.
  1171 | D:2      | 1171 ||| DROPPING potion of lignification.
  1207 | D:3      | Found a broken altar of Ashenzari.
  1220 | D:3      | Found a shimmering blue altar of Sif Muna.
  1497 | D:3      | Noticed Natasha
  1501 | D:3      | Killed Natasha
  1502 | D:3      | Reached skill level 8 in Ranged Weapons
  1538 | D:3      | Found a runed translucent door.
  1539 | D:3      | Noticed qw's ghost (amateur DEHu)
  1557 | D:3      | Noticed Natasha
  1564 | D:3      | Killed Natasha
  1565 | D:3      | Reached XP level 5. HP: 23/29 MP: 7/7
  1736 | D:3      | Noticed Natasha
  1740 | D:3      | Killed Natasha
  1741 | D:3      | Reached skill level 9 in Ranged Weapons
  1811 | D:3      | 1811 ||| UPGRADING to scarf of repulsion.
  1821 | D:3      | 1821 ||| DROPPING +2 robe of cold resistance.
  1822 | D:3      | 1822 ||| UPGRADING to +5 ring of evasion.
  1823 | D:3      | 1823 ||| READING 3 scrolls labelled WIUD MUKHLY.
  1824 | D:3      | 1824 ||| DRINKING 2 fuming coppery potions.
  1825 | D:3      | 1825 ||| DROPPING 2 scrolls of fear.
  1902 | D:4      | Found a basalt altar of Yredelemnul.
  1904 | D:4      | Found a shimmering altar of Xom.
  1907 | D:4      | Found an opulent altar of Gozag.
  2041 | D:4      | Found Otuocka's General Store.
  2050 | D:4      | 2050 ||| FLEEEEING.
  2051 | D:4      | 2051 ||| FLEEEEING.
  2052 | D:4      | 2052 ||| FLEEEEING.
  2053 | D:4      | 2053 ||| FLEEEEING.
  2054 | D:4      | 2054 ||| FLEEEEING.
  2055 | D:4      | 2055 ||| FLEEEEING.
  2056 | D:4      | 2056 ||| FLEEEEING.
  2057 | D:4      | 2057 ||| FLEEEEING.
  2058 | D:4      | 2058 ||| FLEEEEING.
  2059 | D:4      | 2059 ||| FLEEEEING.
  2060 | D:4      | 2060 ||| FLEEEEING.
  2061 | D:4      | 2061 ||| FLEEEEING.
  2064 | D:4      | 2064 ||| FLEEEEING.
  2065 | D:4      | 2065 ||| FLEEEEING.
  2066 | D:4      | 2066 ||| STAIRDANCE
  2101 | D:3      | 2101 ||| READING scroll labelled KUTUABATUE.
  2101 | D:3      | Identified a scroll of acquirement
  2101 | D:3      | 2101 ||| ACQUIRING +9 arbalest of Objectivity {penet, rC+
                  | SInv}
  2101 | D:3      | Acquired the +9 arbalest of Objectivity {penet, rC+ SInv}
  2103 | D:3      | 2103 ||| SWAPPING to +9 arbalest of Objectivity {penet, rC+
                  | SInv}.
  2104 | D:3      | 2104 ||| DROPPING +0 shortbow.
  2105 | D:3      | 2105 ||| READING 4 scrolls of identify.
  2105 | D:3      | 2105 ||| IDENTIFYING puce potion
  2106 | D:3      | 2106 ||| READING 3 scrolls of identify.
  2106 | D:3      | 2106 ||| IDENTIFYING fuming dark potion
  2107 | D:3      | 2107 ||| READING 2 scrolls of identify.
  2107 | D:3      | 2107 ||| IDENTIFYING clear potion
  2108 | D:3      | 2108 ||| DROPPING potion of brilliance.
  2109 | D:3      | 2109 ||| DROPPING potion of attraction.
  2138 | D:4      | 2138 ||| STAIRDANCE
  2294 | D:4      | Reached XP level 6. HP: 34/35 MP: 8/8
  2350 | D:4      | 2350 ||| BUYING potion of heal wounds (70 gold).
  2350 | D:4      | Bought a potion of heal wounds for 70 gold pieces
  2709 | D:4      | 2709 ||| UPGRADING to +0 helmet.
  2714 | D:4      | 2714 ||| READING 2 scrolls labelled OTOBO XADOEBIRUI.
  2715 | D:4      | 2715 ||| READING 3 scrolls of identify.
  2715 | D:4      | 2715 ||| IDENTIFYING smoky puce potion
  2716 | D:4      | 2716 ||| DROPPING scroll of amnesia.
  2735 | D:5      | Entered Level 5 of the Dungeon
  2752 | D:5      | Noticed an acid dragon
  2757 | D:5      | Killed an acid dragon
  2758 | D:5      | Reached skill level 1 in Armour
  2777 | D:5      | Reached skill level 10 in Ranged Weapons
  2794 | D:5      | 2794 ||| READING scroll of enchant armour.
  2794 | D:5      | 2794 ||| ENCHANTING +1 pair of gloves.
  2844 | D:5      | Reached skill level 3 in Dodging
  2844 | D:5      | Reached XP level 7. HP: 40/40 MP: 9/9
  2964 | D:5      | Reached skill level 11 in Ranged Weapons
  3018 | D:5      | 3018 ||| Stepping ~*~*~tactically~*~*~ (outnumbered).
  3037 | D:5      | Reached skill level 12 in Ranged Weapons
  3209 | D:5      | 3209 ||| DROPPING ring of wizardry.
  3210 | D:5      | 3210 ||| READING 4 scrolls of identify.
  3210 | D:5      | 3210 ||| IDENTIFYING purple potion
  3211 | D:5      | 3211 ||| DROPPING potion of ambrosia.
  3235 | D:6      | Reached XP level 8. HP: 44/44 MP: 10/10
  3275 | D:6      | Reached skill level 3 in Fighting
  3502 | D:6      | Identified the +0 helmet of Space {+Blink}
  3685 | D:6      | 3685 ||| DROPPING +0 helmet of Space {+Blink}.
  3686 | D:6      | 3686 ||| READING 3 scrolls of identify.
  3686 | D:6      | 3686 ||| IDENTIFYING cyan potion
  3741 | D:7      | Noticed a two-headed ogre
  3744 | D:7      | HP: 3/46 [two-headed ogre/+0 giant spiked club (16)]
  3745 | D:7      | 3745 ||| READING scroll of teleportation.
  3746 | D:7      | 3746 ||| DRINKING 2 potions of heal wounds.
  3747 | D:7      | Found a staircase to the Ecumenical Temple.
  3748 | D:7      | 3748 ||| PLANNING TEMPLE
  3806 | Temple   | Entered the Ecumenical Temple
  3806 | Temple   | Found a transporter.
  3806 | Temple   | Found a transporter.
  3808 | Temple   | Found a transporter.
  3808 | Temple   | Found a transporter.
  3818 | Temple   | 3818 ||| PLANNING D:1-11
  3820 | Temple   | 3820 ||| PLANNING OKAWARU WORSHIP
  3826 | Temple   | Became a worshipper of Warmaster Okawaru
  3827 | Temple   | 3827 ||| PLANNING D:1-11
  3872 | D:7      | Reached skill level 13 in Ranged Weapons
  4012 | D:7      | Reached * piety under Okawaru
  4013 | D:7      | Reached skill level 14 in Ranged Weapons
  4013 | D:7      | 4013 ||| INVOKING Heroism.
  4016 | D:7      | HP: 8/46 [poisoned by a water moccasin]
  4017 | D:7      | 4017 ||| DRINKING potion of heal wounds.
  4155 | D:7      | Reached XP level 9. HP: 50/50 MP: 11/11
  4239 | D:7      | Noticed Menkaure
  4240 | D:7      | 4240 ||| INVOKING Heroism.
  4242 | D:7      | Killed Menkaure
  4357 | D:7      | Found a flagged portal.
  4359 | D:7      | 4359 ||| INVOKING Heroism.
  4360 | D:7      | HP: 9/50 [two-headed ogre/+0 giant spiked club (25)]
  4360 | D:7      | Mangled by a two-headed ogre

Levels and vault maps discovered:
D:1:      roderic_crossed_star, layout_basic
D:2:      layout_rooms, basic_altar, chequers_ecumenical_altar_twisty,
          serial_bayou_lagoon_b
D:3:      layout_basic, grunt_temple_overflow_open, serial_undead,
          serial_undead_f, serial_undead_c, serial_undead_a, serial_undead_b,
          ebering_ghost_sewer_d, uniq_natasha
D:4:      layout_loops_ring, gammafunk_temple_overflow_forgotten, serial_shops,
          nicolae_shop_advertising_works [nicolae_subvault_shop_adworks]
D:5:      layout_cave_pools
D:6:      layout_cave_pools, chequers_mini_garden, wad_floor_pattern_untrapped
D:7:      layout_basic, minmay_temple_entry_junction, enter_bailey_3,
          uniq_menkaure
Temple:   hellmonk_temple_divided_pantheon

Skill      XL: |  1  2  3  4  5  6  7  8 |
---------------+-------------------------+-----
Ranged Weapons | 6 7 8 9 10 12 14 | 14.3
Fighting       | 2 3 |  3.0
Armour         | 1 |  1.9
Dodging        | 3 5 |  5.3
Stealth        | |  1.2

Action                     |  1- 3 |  4- 6 |  7- 9 || total
---------------------------+-------+-------+-------++-------
   Fire: Shortbow          |   129 |    92 |       ||   221
         Arbalest          |       |    30 |   115 ||   145
 Invoke: Heroism           |       |       |     3 ||     3
    Use: Scroll            |     4 |    11 |     3 ||    18
         Potion            |       |     3 |     2 ||     5
 Armour: Leather armour    |     4 |       |       ||     4
         Ring mail         |    13 |     7 |    13 ||    33
  Dodge: Dodged            |    40 |    27 |    54 ||   121
         Repelled          |       |     1 |       ||     1

Table legend:
 A = Non-vault XP
 B = Vault XP
 C = Vault XP percentage of total XP
 D = Non-vault monster count
 E = Vault monster count
 F = Vault count percentage of total count
                 A         B        C        D         E       F
            +---------+---------+-------+---------+---------+-------
      Total |    2803 |     237 |   7.8 |     132 |       9 |   6.4
            +---------+---------+-------+---------+---------+-------
        D:1 |      40 |       0 |   0.0 |      20 |       0 |   0.0
        D:2 |      65 |       0 |   0.0 |      19 |       0 |   0.0
        D:3 |     146 |      63 |  30.1 |      19 |       5 |  20.8
        D:4 |     119 |       0 |   0.0 |      13 |       0 |   0.0
        D:5 |     978 |       0 |   0.0 |      18 |       0 |   0.0
        D:6 |     524 |       0 |   0.0 |      17 |       0 |   0.0
        D:7 |     931 |     174 |  15.7 |      26 |       4 |  13.3
            +---------+---------+-------+---------+---------+-------
